 Dungeon Crawl Stone Soup version 0.31.0-1-g2c135a0 (webtiles) character file.

Game seed: 7268337744529525901

35 jagoly the Trooper (level 3, -3/23 HPs)
             Began as a Gargoyle Monk on Jan 25, 2024.
             Slain by a gnoll
             ... wielding a +2 heavy spear
              (8 damage)
             ... on level 2 of the Dungeon.
             The game lasted 00:04:42 (621 turns).

jagoly the Trooper (Gargoyle Monk)                   Turns: 621, Time: 00:04:43

Health: -3/23      AC:  8    Str: 16    XL:     3   Next: 35%
Magic:  3/3        EV:  6    Int: 10    God:
Gold:   42         SH:  0    Dex: 12    Spells: 2/2 levels left

rFire   . . .        a - +0 hand axe
rCold   . . .        d - orb {light}
rNeg    + . .        j - +0 ring mail
rPois   ∞            (no helmet)
rElec   +            (no cloak)
rCorr   .            (no gloves)
SInv    .            (no boots)
Will    .....        (no amulet)
Stlth   +            (no ring)
HPRegen 0.23/turn    (no ring)
MPRegen 0.08/turn

%: no passive effects
@: held, glowing
A: sickness immunity, AC +3, negative energy resistance 1, electricity
resistance, torment resistance 1, petrification resistance
a: no special abilities


You were on level 2 of the Dungeon.
You visited 1 branch of the dungeon, and saw 2 of its levels.

You collected 62 gold pieces.
You spent 20 gold pieces at shops.

Inventory:

Hand Weapons
 a - a +0 hand axe (weapon)
 e - a +0 spear
 l - a +1 dagger of venom
Missiles
 g - 52 stones (quivered)
 k - 5 javelins
 o - 5 atropa-tipped darts
Armour
 b - a +0 robe
 d - an orb of light (worn)
 h - a +0 leather armour
 j - a +0 ring mail (worn)
 s - a +0 buckler of poison resistance
Wands
 q - a wand of roots (9)
Scrolls
 i - 3 scrolls of identify
 p - a scroll of fog {unknown}
Potions
 c - a potion of ambrosia
 f - a potion of cancellation {unknown}
 m - a potion of brilliance {unknown}
 n - 2 potions of lignification
 r - a potion of invisibility {unknown}


   Skills:
 + Level 3.5 Fighting
 * Level 3.1 Axes
 * Level 1.4 Armour
 - Level 2.4 Dodging
 * Level 1.6 Stealth


You had 2 spell levels left.
You didn't know any spells.
Your spell library was empty.

Dungeon Overview and Level Annotations

Branches:
Dungeon (2/15) Zot: 11365

Altars:

Shops:
D:1 (*


Innate Abilities, Weirdness & Mutations

You are immune to sickness and miasma.
Your stone body is resilient. (AC +3)
You are immune to poison.
You resist negative energy. (rN+)
You are resistant to electric shocks. (rElec)
You are resistant to unholy torment.
You are immune to petrification.


Message History

You finish taking off your +0 robe.
You start putting on your armour.
You continue putting on your +0 leather armour. x5
You finish putting on your +0 leather armour.
Found a scroll labelled WIYBRA IVUJUI.
Found 12 gold pieces and a ring mail.
Found Xeffi's Antique Weapon Emporium.
Found 5 javelins.
Found a dagger.
Found a stone staircase leading down.
There is an entrance to Xeffi's Antique Weapon Emporium here.
Unknown command.
i - a scroll labelled WIYBRA IVUJUI You see here a +0 ring mail.
You start removing your armour.
You continue taking off your +0 leather armour. x4
You finish taking off your +0 leather armour.
You start putting on your armour.
You continue putting on your +0 ring mail. x5
You finish putting on your +0 ring mail.
You see here 5 javelins.
k - 5 javelins You now have enough gold to buy a scroll of identify on this level.
You can access your shopping list by pressing '$'.
You now have 23 gold pieces (gained 12).
A rat comes into view.
The rat squeaks loudly.
A kobold comes into view. It is wielding a +1 dagger of venom.
There are monsters nearby!
You hit the rat but do no damage. The rat barely misses you.
The kobold throws a stone.
The stone barely misses you.
You hit the rat.
You kill the rat!
Found an escape hatch in the floor.
The kobold hits you but does no damage.
You hit the kobold.
The kobold is heavily wounded.
The kobold closely misses you.
You barely miss the kobold.
The kobold is heavily wounded.
The kobold hits you but does no damage.
You hit the kobold.
You kill the kobold!
No target in view!
No target in view!
No target in view!
g - 12 stones (gained 3)
You see here a +1 dagger of venom.
l - a +1 dagger of venom You open the door.
There is an open door here.
You open the door.
Found a faded altar of an unknown god.
There is an open door here.
There is a faded altar of an unknown god here.
This altar belongs to (a) Gozag, (b) Fedhas or (c) Zin, but you can't tell which.
Press the corresponding letter to learn more about a god, or press enter to convert or escape to cancel.
Okay, then.
You open the door.
Found a sapphire potion.
There is an open door here.
m - a sapphire potion A kobold and a rat come into view.
The kobold shouts!
The rat squeaks loudly.
There are monsters nearby!
You hit the kobold.
The kobold is severely wounded.
The kobold hits you with a +0 dagger.
You barely miss the kobold.
The kobold is severely wounded.
The kobold hits you with a +0 dagger.
You barely miss the kobold.
The kobold is severely wounded.
The kobold hits you but does no damage.
You completely miss the kobold.
The kobold is severely wounded.
You hit the rat. The rat barely misses you.
The kobold hits you but does no damage.
You barely miss the rat.
The rat is severely wounded.
You hit the kobold.
You kill the kobold!
The rat bites you but does no damage.
You barely miss the rat.
The rat is severely wounded.
The rat bites you. The rat bites you but does no damage.
You hit the rat but do no damage.
The rat is moderately wounded.
The rat bites you but does no damage.
You hit the rat.
You kill the rat!
No target in view!
No target in view!
g - 16 stones (gained 4)
You see here a +0 dagger.
Found a leather armour.
Found 5 stones and a hand axe.
Found a glowing blue potion.
A malevolent force fills the Dungeon...
You fall into a shaft and drop 1 floor!
The shaft crumbles and collapses.
Found a stone staircase leading down.
Found 2 grey potions.
A rat comes into view.
The rat barely misses you.
You hit the rat.
You kill the rat!
No target in view!
n - 2 grey potions
Found 5 stones.
Found a scroll labelled WIYBRA IVUJUI.
An endoplasm comes into view.
Found 3 stones.
The endoplasm quivers.
You see here a scroll labelled WIYBRA IVUJUI.
i - 2 scrolls labelled WIYBRA IVUJUI (gained 1)
A bat comes into view.
You hit the endoplasm.
The endoplasm is moderately wounded.
The bat barely misses you.
The endoplasm hits you but does no damage.
The bat hits you but does no damage.
You hit the endoplasm.
You kill the endoplasm!
You closely miss the bat. The bat barely misses you.
You have reached level 2!
The bat misses you.
You closely miss the bat. The bat hits you but does no damage. x2
You closely miss the bat. The bat hits you but does no damage.
Found 9 stones.
The bat hits you but does no damage. The bat barely misses you.
The bat hits you.
You hit the bat.
The bat is moderately wounded.
The bat closely misses you.
You closely miss the bat. The bat hits you but does no damage.
The bat hits you.
You hit the bat but do no damage. The bat closely misses you. x2
You hit the bat.
You kill the bat!
No target in view!
No target in view!
g - 25 stones (gained 9)
Found a scroll labelled WIYBRA IVUJUI.
A goblin comes into view. It is wielding a +0 dagger.
Found 3 stones.
The goblin shouts!
You see here a scroll labelled WIYBRA IVUJUI.
You see here a scroll labelled WIYBRA IVUJUI.
Unknown command.
Unknown command.
i - 3 scrolls labelled WIYBRA IVUJUI (gained 1)
A kobold comes into view. It is wielding a +0 short sword.
The kobold shouts!
You slash the goblin!
You kill the goblin!
Your Stealth skill increases to level 1!
Found a stone staircase leading up.
You see here a +0 dagger.
The kobold throws a stone.
The stone hits you but does no damage.
You hit the kobold but do no damage. The kobold hits you but does no damage.
You hit the kobold but do no damage. The kobold closely misses you.
You hit the kobold.
The kobold is moderately wounded.
The kobold hits you with a +0 short sword.
The kobold hits you but does no damage.
You hit the kobold.
You kill the kobold!
No target in view!
g - 30 stones (gained 5)
You see here a +0 short sword.
g - 33 stones (gained 3)
There is a stone staircase leading up here.
You climb upwards.
The goblin shouts!
A bat comes into view.
A ball python comes into view.
The goblin hits you but does no damage.
There is a stone staircase leading down here.
You closely miss the goblin.
The ball python hisses angrily.
The goblin misses you.
You hit the bat.
The bat is severely wounded.
You hit the goblin. The bat hits you. The bat closely misses you.
The goblin hits you but does no damage. The bat closely misses you.
You slash the bat!
You kill the bat!
You barely miss the goblin. The goblin hits you but does no damage.
You barely miss the goblin.
The goblin is moderately wounded.
The goblin hits you with a +0 dagger.
You hit the goblin.
You kill the goblin!
A hobgoblin comes into view.
The ball python bites you but does no damage.
The ball python barely misses you.
The hobgoblin shouts!
You hit the ball python.
You kill the ball python!
A goblin comes into view. It is wielding a +0 club.
You hit the hobgoblin but do no damage.
The hobgoblin hits you but does no damage.
You hit the hobgoblin but do no damage. The hobgoblin hits you.
You hit the hobgoblin but do no damage.
The hobgoblin hits you but does no damage.
You hit the hobgoblin.
The hobgoblin is moderately wounded.
The hobgoblin barely misses you.
You hit the hobgoblin but do no damage.
The hobgoblin is moderately wounded.
The hobgoblin hits you.
You hit the hobgoblin.
You kill the hobgoblin!
The goblin hits you with a +0 club.
You barely miss the goblin. The goblin barely misses you.
You hit the goblin but do no damage. The goblin barely misses you.
You hit the goblin.
You kill the goblin!
No target in view!
No target in view!
Things that are here:
a +0 dagger; a ball python corpse A goblin comes into view.
It is wielding a +0 dagger and quivering atropa-tipped darts.
The goblin shouts!
A goblin is nearby!
The goblin hits you but does no damage.
You hit the goblin.
You kill the goblin!
Your Axes skill increases to level 3!
Your Armour skill increases to level 1!
No target in view!
Things that are here:
a +0 dagger; 5 atropa-tipped darts
o - 5 atropa-tipped darts You open the door.
Found a scroll labelled HOGUVE KAYNG.
There is an open door here.
p - a scroll labelled HOGUVE KAYNG You open the door.
A bat comes into view.
Found a curved iron wand and 9 gold pieces.
The bat hits you but does no damage.
There is an open door here.
The bat hits you but does no damage.
You hit the bat.
The bat is moderately wounded.
The bat hits you but does no damage. The bat closely misses you.
The bat hits you but does no damage.
You hit the bat.
You kill the bat!
No target in view!
No target in view!
You now have 32 gold pieces (gained 9).
As you open the door, it creaks loudly!
q - a wand of roots (9)
You open the door.
Found 8 stones and a club.
Found a stone staircase leading down.
There is an open door here.
g - 41 stones (gained 8) As you open the door, it creaks loudly!
A hobgoblin comes into view.
The hobgoblin shouts!
There is an open door here.
You hit the hobgoblin.
The hobgoblin is moderately wounded.
The hobgoblin hits you.
You hit the hobgoblin.
The hobgoblin is almost dead.
The hobgoblin hits you but does no damage.
The hobgoblin hits you.
You hit the hobgoblin.
You kill the hobgoblin!
No target in view!
You see here a hobgoblin corpse.
There is an open door here.
There is an open door here.
You open the door.
There is an open door here.
You open the door.
There is an open door here.
There is an open door here.
There is a stone staircase leading down here.
There is an open door here.
You open the door.
There is an open door here.
g - 46 stones (gained 5)
r - a glowing blue potion
There is an open door here.
There is an open door here.
There is an entrance to Huketeik's General Store here.
i - 4 scrolls of identify (gained 1) Thank you for shopping at Huketeik's General Store!
You can access your shopping list by pressing '$'.
Unknown command.
As you read the scroll of identify, it crumbles to dust.
n - 2 potions of lignification
There is a stone staircase leading down here.
Press: ? - help, v - describe, . - travel A rock wall.
This square is lit by a halo.
You climb downwards.
The adder hisses angrily.
The adder closely misses you.
Found 6 stones, a short sword and 13 gold pieces.
There is a stone staircase leading up here.
You hit the adder but do no damage. The adder bites you.
The adder bites you but does no damage.
You barely miss the adder. The adder bites you.
You hit the adder.
The adder is heavily wounded.
The adder bites you but does no damage. x2
You closely miss the adder.
The adder is moderately wounded.
The adder bites you but does no damage.
You hit the adder.
The adder is almost dead.
The adder bites you but does no damage. The adder misses you.
You barely miss the adder.
The adder is almost dead.
The adder bites you.
You hit the adder but do no damage.
The adder is almost dead.
The adder bites you. The adder bites you but does no damage.
You hit the adder but do no damage.
The adder is almost dead.
The adder bites you but does no damage.
You hit the adder.
You kill the adder!
You have reached level 3!
Your experience leads to an increase in your attributes!
Increase (S)trength, (I)ntelligence, or (D)exterity?
You feel stronger. x2
g - 52 stones (gained 6)
There is a stone staircase leading up here.
You now have 25 gold pieces (gained 13).
A ball python comes into view.
The ball python hisses angrily.
You see here a +0 short sword.
The ball python bites you but does no damage.
The ball python barely misses you.
You hit the ball python.
The ball python is severely wounded.
The ball python bites you but does no damage.
The ball python grabs you. The ball python constricts you.
You completely miss the ball python.
The ball python is severely wounded.
The ball python barely misses you. The ball python constricts you.
You hit the ball python but do no damage.
The ball python is severely wounded.
The ball python closely misses you. The ball python constricts you.
The ball python barely misses you. The ball python constricts you.
You barely miss the ball python.
The ball python is severely wounded.
The ball python bites you but does no damage.
The ball python constricts you.
You hit the ball python but do no damage.
The ball python is severely wounded.
The ball python bites you. The ball python constricts you.
You hit the ball python.
You kill the ball python!
A ribbon worm comes into view.
Found a runed buckler and a long sword.
You see here a ball python corpse.
You hit the ribbon worm.
The ribbon worm is lightly wounded.
The ribbon worm expels a string of sticky webbing.
The stream of webbing hits you but does no damage.
You are caught in a web!
The web tears apart.
The ribbon worm closely misses you.
You hit the ribbon worm.
The ribbon worm is lightly wounded.
The ribbon worm bites you.
You slash the ribbon worm!
The ribbon worm is heavily wounded.
The ribbon worm bites you.
You hit the ribbon worm.
The ribbon worm is heavily wounded.
The ribbon worm bites you.
You hit the ribbon worm but do no damage.
The ribbon worm is heavily wounded.
The ribbon worm bites you.
You hit the ribbon worm.
The ribbon worm is severely wounded.
The ribbon worm closely misses you.
You hit the ribbon worm.
The ribbon worm is almost dead.
The ribbon worm expels a string of sticky webbing.
The stream of webbing hits you but does no damage.
You are caught in a web!
The web tears apart.
You hit the ribbon worm.
The ribbon worm is almost dead.
The ribbon worm bites you.
You hit the ribbon worm.
You kill the ribbon worm!
No target in view!
You see here a +0 buckler of poison resistance.
Unknown command.
You see here a +0 buckler of poison resistance.
s - a +0 buckler of poison resistance A bat comes into view.
A bat is nearby!
Found 2 gold pieces.
The bat closely misses you.
You hit the bat.
You kill the bat!
No target in view!
No target in view!
A ribbon worm comes into view.
Unknown command.
The ribbon worm expels a string of sticky webbing.
The stream of webbing hits you but does no damage.
You are caught in a web!
There is a web here.
You struggle to detach yourself from the web.
The web tears apart.
Found a stone staircase leading down.
You hit the ribbon worm but do no damage.
The ribbon worm bites you.
You slash the ribbon worm!
The ribbon worm is moderately wounded.
The ribbon worm bites you but does no damage.
Cleave: a) +0 hand axe
Press: ? - help, Dir - move target, f - ribbon worm
Aim: a ribbon worm (moderately wounded, haloed, about 3% to evade your +0 hand axe)
You hit the ribbon worm.
The ribbon worm is severely wounded.
The ribbon worm expels a string of sticky webbing.
The stream of webbing hits you but does no damage.
You are caught in a web!
You cannot attack while caught in a web.
Unknown command.
You cannot attack while caught in a web.
Unknown command.
You struggle to detach yourself from the web.
The ribbon worm bites you.
You struggle to detach yourself from the web.
The ribbon worm bites you.
* * * LOW HITPOINT WARNING * * *
You struggle to detach yourself from the web.
The ribbon worm bites you.
* * * LOW HITPOINT WARNING * * *
The web tears apart.
Found 15 gold pieces.
The ribbon worm expels a string of sticky webbing.
The stream of webbing hits you but does no damage.
You are caught in a web!
There is a web here.
The web tears apart.
Okay, then.
The ribbon worm expels a string of sticky webbing.
The stream of webbing hits you but does no damage.
You are caught in a web!
There is a web here.
The web tears apart.
An endoplasm comes into view.
The endoplasm quivers.
You see here 2 gold pieces.
You now have 27 gold pieces (gained 2).
A gnoll comes into view.
It is wielding a +2 heavy spear and quivering a throwing net.
The gnoll shouts!
The gnoll moves out of view.
A gnoll comes into view. It is wielding a +0 halberd.
You see here 15 gold pieces.
You now have 42 gold pieces (gained 15).
The gnoll shouts!
A gnoll comes into view. It is wielding a +0 halberd.
Found a flux talisman.
The gnoll shouts!
The endoplasm hits you but does no damage.
You slash the endoplasm!
You kill the endoplasm!
The gnoll throws a throwing net.
The throwing net hits you.
You become entangled in the net!
You struggle against the net.
You struggle against the net.
You shred the net and break free!
Found a robe.
The ribbon worm expels a string of sticky webbing.
The stream of webbing hits you but does no damage.
You are caught in a web!
There is a web here.
The web tears apart.
A quokka comes into view.
The ribbon worm expels a string of sticky webbing.
The stream of webbing hits you but does no damage.
You are caught in a web!
There is a web here.
The web tears apart.
The ribbon worm expels a string of sticky webbing.
The stream of webbing hits you but does no damage.
You are caught in a web!
The gnoll attacks as it pursues you!
The gnoll hits you from afar with a +2 heavy spear!
* * * LOW HITPOINT WARNING * * *
There is a web here.
The web tears apart.
The quokka closely misses you. The gnoll attacks as it pursues you!
The gnoll barely misses you. The quokka attacks as it pursues you!
The quokka closely misses you.
The ribbon worm expels a string of sticky webbing.
The stream of webbing hits you but does no damage.
You are caught in a web!
The gnoll attacks as it pursues you!
The gnoll hits you from afar with a +2 heavy spear!
You die...

#....<...##.............###
#...†.......)..............
#........#........†.......#
###########...†..........##
############............
.......## #............
......>.## ##..........#
.........# #...........#
.....[.@.###..†........#
.......r..........).....
.......g................
........................
..........g............#
.......#.gw.........#...
#..######..........w...#
##. #......##...##.. #
#.......#..####.


You could see a ribbon worm, 3 gnolls and a quokka.

Vanquished Creatures
  An adder (D:2)
  A ribbon worm (D:2)
  5 bats
  2 endoplasms (D:2)
  4 goblins
  2 hobgoblins (D:1)
  3 kobolds
  2 ball pythons
  3 rats
23 creatures vanquished.

Notes
Turn   | Place    | Note
-------+----------+-------------------------------------------
     0 | D:1      | jagoly the Gargoyle Monk began the quest for the Orb.
     0 | D:1      | Reached XP level 1. HP: 14/14 MP: 1/1
    10 | D:1      | Found Huketeik's General Store.
    69 | D:1      | Found Xeffi's Antique Weapon Emporium.
   120 | D:1      | Found a faded altar of an unknown god.
   158 | D:1      | You fall into a shaft and drop 1 floor!
   198 | D:2      | Reached XP level 2. HP: 19/19 MP: 2/2
   226 | D:2      | Reached skill level 1 in Stealth
   264 | D:1      | Reached skill level 1 in Armour
   467 | D:1      | Bought a scroll of identify for 20 gold pieces
   497 | D:2      | Reached XP level 3. HP: 16/23 MP: 3/3
   621 | D:2      | Slain by a gnoll

Illustrated notes

Levels and vault maps discovered:
D:1:      tarquinn_simple_flora_water_e, layout_basic, serial_shops, shop,
          nicolae_shop_back_alley_shop, nicolae_shop_back_alley_shop,
          nicolae_diamond_shop, dreamdust_ecumenical_altar_angels_and_demons,
          dk_noncrumbling_4
D:2:      layout_rooms

Skill      XL: |  1  2 |
---------------+-------+-----
Stealth        | 1 |  1.6
Axes           | 3 |  3.1
Armour         | 1 |  1.4
Fighting       | |  3.5
Dodging        | |  2.4

Action                     || total
---------------------------++-------
  Melee: Hand axe          ||    84
    Use: Scroll            ||     1
 Armour: Ring mail         ||    70
         Robe              ||     5
  Dodge: Dodged            ||    42
